 Dungeon Crawl Stone Soup version 0.22-a0-136-g83a10e5 (webtiles) character file.

313 ryw the Firebug (level 6, -2/32 HPs)
             Began as a Deep Elf Fire Elementalist on Feb 4, 2018.
             Was an Initiate of Vehumet.
             Killed from afar by Dowan (7 damage)
             ... with a puff of flame
             ... on level 5 of the Dungeon.
             The game lasted 00:14:16 (4323 turns).

ryw the Firebug (Deep Elf Fire Elementalist)        Turns: 4323, Time: 00:14:16

Health: -2/32      AC:  3    Str:  5    XL:     6   Next: 19%
Magic:  11/12      EV: 13    Int: 22    God:    Vehumet [......]
Gold:   48         SH:  0    Dex: 15    Spells: 1/11 levels left

rFire    . . .     SeeInvis .   g - +2 dagger (speed)
rCold    . . .     Gourm    .   (no shield)
rNeg     . . .     Faith    .   a - +0 robe
rPois    .         Spirit   .   l - +0 helmet
rElec    .         Reflect  .   (no cloak)
rCorr    .         Harm     .   (no gloves)
MR       +....                  (no boots)
Stlth    ++........             (no amulet)
HPRegen  0.10/turn              r - ring of protection from magic
MPRegen  0.13/turn              (no ring)

@: hasted, very quick
A: no striking features
a: Renounce Religion


You were on level 5 of the Dungeon.
You worshipped Vehumet.
Vehumet was noncommittal.
You were not hungry.

You visited 1 branch of the dungeon, and saw 6 of its levels.

You collected 48 gold pieces.

Inventory:

Hand Weapons
 g - a +2 dagger of speed (weapon)
Missiles
 k - 85 stones (quivered)
Armour
 a - a +0 robe (worn)
 l - a +0 helmet (worn)
Jewellery
 r - a ring of protection from magic (left hand)
 v - a +2 ring of dexterity {unknown}
Scrolls
 e - 4 scrolls of identify
 q - 2 scrolls of enchant weapon {unknown}
 x - a scroll of vulnerability {unknown}
Potions
 d - a potion of haste
 f - a potion of degeneration {unknown}
 i - 2 potions of curing {unknown}
 j - a potion of might {unknown}
 m - a potion of agility {unknown}
 p - a potion of brilliance {unknown}
 t - 4 potions of mutation {unknown}
 u - a potion of flight {unknown}
Books
 b - a book of Flames

   Spells                             Type                      Level
   a - Flame Tongue                   Conjuration/Fire             1
   b - Throw Flame                    Conjuration/Fire             2
   c - Conjure Flame                  Conjuration/Fire             3
   d - Inner Flame                    Hexes/Fire                   3
   e - Sticky Flame                   Conjuration/Fire             4
   f - Fireball                       Conjuration/Fire             5
Comestibles
 c - 3 rations
 o - 5 chunks of flesh


   Skills:
 - Level 2.7 Dodging
 - Level 2.4 Stealth
 - Level 3.0 Spellcasting
 - Level 1.1 Conjurations
 + Level 7.6 Fire Magic


You had one spell level left.
You knew the following spells:

 Your Spells              Type           Power        Failure   Level  Hunger
a - Flame Tongue          Conj/Fire      ###..        1%          1    None
b - Throw Flame           Conj/Fire      ###...       3%          2    ##.....
c - Conjure Flame         Conj/Fire      ###.....     6%          3    ###....
d - Sticky Flame          Conj/Fire      ###.....     21%         4    ####...


Dungeon Overview and Level Annotations

Branches:
Dungeon (6/15)
 Temple: D:4-7

Altars:
Vehumet

Annotations:
D:2 Sigmund
D:3 Purgy
D:4 GrunderHorse's ghost, amateur CeHu
D:5 Dowan; Duvessa


Message History

The centaur zombie closely misses you. The ogre closely misses you.
The centaur zombie hits you.
Casting: Flame Tongue (safe; 1% risk of failure)
Confirm with . or Enter, or press ? or * to list all spells.
Aiming: Flame Tongue (safe; 1% risk of failure)
Press: ? - help, Shift-Dir - straight line, f - centaur zombie
Aim: a centaur zombie The flame tongue hits the centaur zombie.
The centaur zombie is lightly damaged.
The centaur zombie hits you.
As you read the scroll labeled BOEDEG DUSHRU, it crumbles to dust.
You feel strangely unstable.
It was a scroll of teleportation.
The centaur zombie closely misses you. The bullfrog zombie hits you.
The centaur zombie hits you.
* * * LOW HITPOINT WARNING * * *
Your surroundings suddenly seem different.
It was a potion of haste.
You feel yourself speed up. Dowan casts a spell at you.
The puff of flame hits you!
You die...

#...##### ......#...##...####
#......#...#........
#......#...#........ ..
#......#...#........ .
e.....#...#........ #.
......###'#####'###
####.#######...............
..........@'...............
...........#...............
........e..#............... #+#
#.####.##.#...............
###..#######.##.############+###
.............#.J. #.....(.
.............#.... #.......
.............+.... +.......
+#######†##.### ...# #.....#


You could see Dowan and a jelly (sleeping).

Vanquished Creatures
  An ogre (D:6)
  An orc priest (D:2)
  2 orc wizards (D:3)
  5 adders
  A shadow imp (D:5)
  2 oozes
  A worm (D:3)
  4 leopard geckos
  6 orcs
  2 giant cockroaches
  7 hobgoblins
  A jackal (D:6)
  A quokka (D:3)
  7 bats
  3 frilled lizards
  8 goblins
  13 kobolds
  10 rats
75 creatures vanquished.

Notes
Turn   | Place    | Note
-------+----------+-------------------------------------------
     0 | D:1      | ryw the Deep Elf Fire Elementalist began the quest for the Orb.
     0 | D:1      | Reached XP level 1. HP: 10/10 MP: 6/6
   567 | D:1      | Reached XP level 2. HP: 15/15 MP: 2/8
   688 | D:1      | Reached skill level 4 in Fire Magic
   750 | D:1      | Learned a level 2 spell: Throw Flame
  1386 | D:1      | Reached XP level 3. HP: 19/19 MP: 6/9
  1855 | D:2      | Reached skill level 5 in Fire Magic
  2035 | D:2      | Noticed Sigmund
  2099 | D:2      | Reached XP level 4. HP: 24/24 MP: 8/10
  2503 | D:2      | Found a radiant altar of Vehumet.
  2516 | D:2      | Became a worshipper of Vehumet
  2806 | D:2      | Reached skill level 6 in Fire Magic
  3006 | D:3      | Noticed Purgy
  3046 | D:3      | Reached XP level 5. HP: 25/28 MP: 5/11
  3135 | D:3      | Learned a level 3 spell: Conjure Flame
  3140 | D:3      | Learned a level 4 spell: Sticky Flame
  3584 | D:4      | Noticed GrunderHorse's ghost (amateur CeHu)
  3814 | D:5      | Entered Level 5 of the Dungeon
  3904 | D:5      | Noticed Duvessa
  3904 | D:5      | Noticed Dowan
  3922 | D:5      | Reached skill level 7 in Fire Magic
  4079 | D:6      | Noticed an ogre
  4089 | D:6      | Killed an ogre
  4089 | D:6      | Reached XP level 6. HP: 32/32 MP: 2/12
  4323 | D:5      | Killed from afar by Dowan

Vault maps used:
D:1:      ncdulo_wetmaze
D:2:      serial_bayou_lagoon_a, lemuel_tele_altar, uniq_sigmund
D:3:      first_ration, uniq_purgy, uniq_terence
D:4:      minmay_diamond_boxcup, temple_hall
D:5:      sword_in_stone, uniq_duvessa
D:6:      wad_crossroads

Skill      XL: |  1  2  3  4  5 |
---------------+----------------+-----
Fire Magic     | 4 5 6 7 |  7.6
Dodging        | |  2.7
Stealth        | |  2.4
Spellcasting   | |  3.0
Conjurations   | |  1.1

Action                   |  1- 3 |  4- 6 || total
-------------------------+-------+-------++-------
Melee: Dagger            |       |     3 ||     3
Throw: Stone             |    15 |    17 ||    32
 Cast: Flame Tongue      |    75 |    96 ||   171
       Conjure Flame     |       |     1 ||     1
       Throw Flame       |       |     1 ||     1
  Use: Scroll            |     1 |     4 ||     5
       Potion            |       |     1 ||     1
  Eat: Chunk             |     3 |     5 ||     8
       Ration            |       |     1 ||     1
Armor: Robe              |     5 |     7 ||    12
Dodge: Dodged            |    24 |    38 ||    62

Table legend:
 A = Spawn XP
 B = Non-spawn XP
 C = Spawn XP percentage of total XP
 D = Spawn monster count
 E = Non-spawn monster count
 F = Spawn count percentage of total count
 G = Total turns spent on level
                    A         B        C        D         E        F      G
               +---------+---------+-------+---------+---------+-------+---------
         Total |       0 |     448 |   0.0 |       0 |      75 |   0.0 |  4323
               +---------+---------+-------+---------+---------+-------+---------
           D:1 |       0 |      43 |   0.0 |       0 |      26 |   0.0 |  1478
           D:2 |       0 |     138 |   0.0 |       0 |      27 |   0.0 |  1400
           D:3 |       0 |     114 |   0.0 |       0 |      18 |   0.0 |   706
           D:5 |       0 |      24 |   0.0 |       0 |       2 |   0.0 |   141
           D:6 |       0 |     129 |   0.0 |       0 |       2 |   0.0 |   368
               +---------+---------+-------+---------+---------+-------+---------
